Unix NetHack Version 5.0.0-0 post-release - last build Jul 19 2026 19:10:59 (3aa4ab31751d3886436d94b585a96704892fd477,branch:main).

Game began 2026-07-21 22:54:32, ended 2026-07-21 23:18:20.

Jinnora, lawful female human Archeologist

                                  -----            --------
                                  |...|            |.......####
                                  |<..|           #.>.....|#  #
                                  ....|           #--------   #
         +                        |....#          #           ###
         #                     ## |...|#          #             #
         #                     ###.^..|#          #             %
         #        ------      ##  --.--#          #            ######-----
        ##        |....+ ######     #  ##############   #     ##    #|...|
    ----.--      `|....|  #     #####  #          #     #------|-   #....|
    ........|    #-.....####   ##      #   ------       e|......|    |...|
    ........)#)###------   #   #       #   .h....F###  r@f.j^...|    |...|
    ........|   ##          ---.------ #   +             |......|    -----
         ----               |........| # #               |{.....|
                            |.........####               |......|
                            -........|                   |.....`|
                            ----------                   --------

Jinnora the Investigator   St:12 Dx:11 Co:18 In:14 Wi:14 Ch:9  Lawful
Dlvl:6  $:144 HP:0(59) Pw:26(26) AC:5  Xp:6/430 T:4174  Burdened

Latest messages:
 The dwarf zombie hits the housecat.
 The dwarf zombie hits!
 The housecat bites the dwarf zombie.
 The dwarf zombie is destroyed!
 You hit the floating eye.
 You are frozen by the floating eye's gaze!
 You hear a door open.
 You hear some noises in the distance.
 You hear some noises in the distance.
 It is hit!
 The housecat misses the blue jelly.
 The housecat is suddenly very cold!
 The rock mole bites!
 The rock mole bites!
 You hear someone reading a scroll of teleportation.
 The rock mole bites!
 It is hit.
 The rock mole bites!
 The rock mole bites!
 It is hit.
 The Mordor orc throws a knife!
 It is hit.
 The rock mole bites!
 The rock mole bites!
 The Mordor orc throws a knife!
 It is hit.
 The knife misses the rock mole.
 You catch the knife! R - a knife.
 The rock mole bites!
 The rock mole bites!
 The rock mole bites!
 The rock mole bites!
 The rock mole bites!
 The rock mole bites!
 The housecat misses the gecko.
 The housecat bites it.
 It misses the housecat.
 The housecat misses it.
 The housecat bites it.
 The rock mole bites!
 The rock mole bites!
 The knife misses the rock mole.
 You are hit by a knife.
 The rock mole bites!
 The rock mole bites!
 The rock mole bites!
 The rock mole bites!
 The rock mole bites!
 You die...
 Do you want your possessions identified? [ynq] (y) q

Inventory:
 Coins    ('$')
  $ - 144 gold pieces
 Weapons  (')')
  J - 6 blessed +2 darts
  D - 8 uncursed +0 darts
  y - 9 uncursed +0 daggers
  R - an uncursed +0 knife
  a - an uncursed +2 bullwhip (alternate weapon; not wielded)
 Armor    ('[')
  c - an uncursed +0 fedora (being worn)
  K - an uncursed +0 pair of leather gloves (being worn)
  u - a blessed +0 pair of iron shoes (being worn)
  z - a blessed +1 dwarvish cloak (being worn)
  b - an uncursed +0 leather jacket (being worn)
 Comestibles  ('%')
  s - an uncursed slime mold
  G - an uncursed carrot
  d - 7 uncursed food rations
  v - an uncursed sprig of wolfsbane
  m - 2 uncursed lichen corpses
 Scrolls  ('?')
  A - an uncursed scroll of blank paper
  j - a blessed scroll of create monster
  n - an uncursed scroll of create monster
  O - a cursed scroll of create monster
  t - an uncursed scroll of enchant armor
 Potions  ('!')
  N - a blessed potion of booze
  o - an uncursed potion of enlightenment
  M - an uncursed potion of gain ability
  F - an uncursed potion of gain energy
  q - an uncursed potion of water
  P - a potion of unholy water
 Wands    ('/')
  Q - an uncursed wand of cancellation (0:4)
  k - an uncursed wand of polymorph (0:5)
 Tools    ('(')
  h - an empty uncursed sack
  i - an uncursed magic whistle
  e - an uncursed +0 pick-axe (weapon in right hand)
  f - an uncursed tinning kit (0:68)
  H - an uncursed towel
 Gems/Stones  ('*')
  E - 2 uncursed worthless pieces of violet glass
  w - 5 uncursed worthless pieces of white glass
  x - an uncursed worthless piece of yellow glass
  g - an uncursed touchstone

Jinnora the Archeologist's attributes:

Background:
 You were an Investigator, a level 6 female human Archeologist.
 You were lawful, on a mission for Quetzalcoatl
 who was opposed by Camaxtli (neutral) and Huhetotl (chaotic).
 You were right-handed.
 You were in the Dungeons of Doom, on level 6.
 You entered the dungeon 4174 turns ago.
 It was nighttime.
 You had 430 experience points, 210 more were needed to attain level 7.

Basics:
 You had 0 out of 59 hit points.
 You had all 26 energy points (spell power).
 Your armor class was 5.
 Your wallet contained 144 zorkmids.
 Autopickup was off.

Final Characteristics:
 Your strength was 12 (limit:18/100).
 Your dexterity was 11 (limit:18).
 Your constitution was 18 (limit:18).
 Your intelligence was 14 (limit:18).
 Your wisdom was 14 (limit:18).
 Your charisma was 9 (limit:18).

Final Status:
 You weren't hungry.
 You were burdened; movement was slightly slowed.
 You were wielding a pick-axe.
 You were skilled in pick-axe.

Final Attributes:
 You were piously aligned.
 Your items were somewhat protected from fire.
 Your items were somewhat protected from cold.
 You had automatic searching.
 You were stealthy.
 You were warded.
 You were lucky.
 You are dead.

Miscellaneous:
 You didn't encounter any bones levels.
 Total elapsed playing time was 23 minutes and 47 seconds.

Major events:
 Turn
    1: Jinnora the lawful female human Archeologist entered the dungeon
 1500: entered the Gnomish Mines
 1501: attained the rank of Field Worker (level 3)
 2489: reached Mine Town
 3243: attained the rank of Investigator (level 6)
 4174: killed by a rock mole, while frozen by a floating eye's gaze

You didn't know any spells.

Skills:
 Fighting Skills
   bare handed combat [Unskilled]
   two weapon combat  [Unskilled]
   riding             [Unskilled]
 Weapon Skills
   dagger             [Unskilled]
   knife              [Unskilled]
   pick-axe           [Skilled]
   short sword        [Unskilled]
   saber              [Unskilled]
   club               [Unskilled]
   quarterstaff       [Unskilled]
   sling              [Unskilled]
   dart               [Unskilled]
   boomerang          [Unskilled]
   whip               [Basic]
   unicorn horn       [Unskilled]
 Spellcasting Skills
   attack spells      [Unskilled]
   healing spells     [Unskilled]
   divination spells  [Unskilled]
   matter spells      [Unskilled]

Voluntary challenges:
 Character rerolling was not enabled.
 You never genocided any monsters.
 You never polymorphed an object.
 You never changed form.
 You used no wishes.
Achievements:
 You entered the Gnomish Mines.
 You attained the rank of Field Worker.
 You entered Minetown.
 You entered a temple.
 You entered a shop.
 You attained the rank of Investigator.

 The Dungeons of Doom: levels 1 to 7
    Level 1:
       A fountain.
    Level 2:
       A fountain.
    Level 3:
    Level 4:
       Some fountains, a sink.
       Stairs down to The Gnomish Mines.
    Level 5:
       Many fountains.
       Oracle of Delphi.
    Level 6: <- You were here.
       A fountain.
       Final resting place for
          you, killed by a rock mole, while frozen by a floating eye's gaze.
    Level 7:
       A fountain.
 The Gnomish Mines: levels 5 to 7
    Level 5:
    Level 6:
    Level 7:
       Many shops, a temple and an altar, some fountains.


Vanquished creatures:
  a housecat
  a Mordor orc
  2 Uruk-hai
  a rock mole
  a pony
  a yellow light
  a shrieker
  a violet fungus
  3 gnome leaders
  3 gnomish wizards
  a baby crocodile
  a giant ant
  5 dwarves
  a homunculus
  a kobold leader
  a kobold shaman
  2 rothes
  a giant bat
  3 dwarf zombies
  a coyote
  2 hobbits
  a yellow mold
  a green mold
 20 gnomes
  a gnome zombie
  5 geckos
  a goblin
  2 sewer rats
  3 grid bugs
  2 bats
  2 lichens
  a kobold zombie
  8 newts
81 creatures vanquished.

No species were genocided or became extinct.

Game over:
                       ----------
                      /          \
                     /    REST    \
                    /      IN      \
                   /     PEACE      \
                  /                  \
                  |     Jinnora      |
                  |      144 Au      |
                  | killed by a rock |
                  |       mole       |
                  |                  |
                  |                  |
                  |       2026       |
                 *|     *  *  *      | *
        _________)/\\_//(\/(/\)/\//\/|_)_______

Goodbye Jinnora the Archeologist...

You died in The Dungeons of Doom on dungeon level 6 with 2150 points,
and 144 pieces of gold, after 4174 moves.
You were level 6 with a maximum of 59 hit points when you died.

